 Dungeon Crawl Stone Soup version 0.30-a0-292-g0f741e3f8e (webtiles) character file.

Game seed: 3109468194240642285

1668 ytrimaz the Transmogrifier (level 8, -2/37 HPs)
             Began as a Spriggan Transmuter on Oct 17, 2022.
             Slain by Maggie
             ... wielding a +0 halberd
              (18 damage)
             ... on level 7 of the Dungeon.
             The game lasted 00:09:14 (6371 turns).

ytrimaz the Transmogrifier (Spriggan Transmuter)    Turns: 6371, Time: 00:09:14

Health: -2/37      AC:  2    Str: 12    XL:     8   Next: 69%
Magic:  19/22      EV: 20    Int: 16    God:
Gold:   305        SH:  0    Dex: 21    Spells: 15/25 levels left

rFire   . . .      SeeInvis +      - Unarmed
rCold   . . .      Faith    .    (shield currently unavailable)
rNeg    . . .      Spirit   .    (body armour currently unavailable)
rPois   x          Reflect  .    (helmet currently unavailable)
rElec   .          Harm     .    (cloak currently unavailable)
rCorr   .          Rampage  .    (gloves unavailable)
Will    +....                    (boots unavailable)
Stlth   ++........               (no amulet)
HPRegen 0.26/turn                g - +6 ring of strength
MPRegen 0.18/turn                p - +4 ring of slaying

@: spider-form
A: venomous fangs, tiny, no large weapons, unfitting armour, see invisible,
(speed 3)
a: End Transformation


You were on level 7 of the Dungeon.
You were a venomous arachnid creature.
You visited 2 branches of the dungeon, and saw 8 of its levels.

You collected 305 gold pieces.


Innate Abilities, Weirdness & Mutations

You are a venomous arachnid creature.
You have poisonous fangs.
You are tiny and dextrous.
Your spellcasting is less reliable in this form.
Your armour is entirely melded.
You are incapable of wielding weapons or throwing items.
You are very small and have problems with some larger weapons.
You are too small for most types of armour.
You have supernaturally acute eyesight. (SInv)
((You cover ground extremely quickly. (Speed+++)))


   Skills:
 - Level 0.7 Fighting
 - Level 2.6 Dodging
 - Level 2.4 Unarmed Combat
 + Level 9.3 Spellcasting
 + Level 10.1 Transmutations
 - Level 2.0 Ice Magic
 - Level 2.0 Poison Magic


You had 15 spell levels left.
You knew the following spells:

 Your Spells              Type           Power      Damage    Failure   Level
a - Beastly Appendage     Tmut           78%        N/A       1%          1
b - Wereblood             Tmut           39%        N/A       2%          2
c - Spider Form           Tmut/Pois      26%        N/A       10%         3
d - Ice Form              Ice/Tmut       26%        N/A       22%         4

Your spell library contained the following spells:

 Spells                   Type           Power      Damage    Failure   Level
 Ignite Poison            Fire/Tmut/Pois 20%        N/A       16%         3
 Sublimation of Blood     Necr           7%         N/A       32%         2
 Kindle Blastsparks       Fire/Tloc/Air  14%        2d11      50%         3
 Stone Arrow              Conj/Erth      14%        3d7       50%         3
 Anguish                  Hex/Necr       3%         N/A       85%         4
 Animate Armour           Summ/Erth      14%        N/A       85%         4
 Freezing Cloud           Conj/Ice/Air   4%         6-21      97%         5
 Enfeeble                 Hex            3%         N/A       100%        7
 Summon Hydra             Summ           3%         N/A       100%        7
 Lehudib's Crystal Spear  Conj/Erth      3%         10d3      100%        8

Inventory:

Armour
 a - a +0 robe (melded)
 i - a +0 cloak (melded)
   (You found it on level 1 of the Dungeon)
Jewellery
 c - a ring of ice
   (You found it on level 1 of the Dungeon)
 e - a +6 ring of strength
   (You found it on level 6 of the Dungeon)
 g - a +6 ring of strength (left front leg)
   (You found it on level 1 of the Dungeon)
 p - a +4 ring of slaying (right front leg)
   (You found it on level 4 of the Dungeon)
Wands
 m - a wand of polymorph (7)
   (You took it off Ijyb on level 4 of the Dungeon)
Scrolls
 j - a scroll of amnesia
 k - 3 scrolls of vulnerability
 t - a scroll of brand weapon
 w - 3 scrolls of poison
Potions
 b - 2 potions of lignification
 d - a potion of haste
 f - 2 potions of curing
 l - 2 potions of resistance {unknown}
 o - a potion of magic {unknown}
 q - 2 potions of mutation
 v - 2 potions of heal wounds {unknown}

Dungeon Overview and Level Annotations

Branches:
Dungeon (7/15) Zot: 26580  Temple (1/1) D:6 Zot: 5894

Altars:
Ashenzari
Cheibriados
Dithmenos
Gozag
Kikubaaqudgha
Makhleb
Nemelex Xobeh
Qazlal
Ru
Sif Muna
Trog
Uskayaw
Vehumet
Wu Jian
Xom
Yredelemnul
Zin
The Shining One

Annotations:
D:7 Dowan, Duvessa, Maggie

....# ...## ...##
....### #...#.##
##### ##..#..#
##...######
#......###...#.##..#
..##....####..@....#
#.####...##....#s.##
#####.....@....##.#
.....†.........####
...........†##...#
.#.#.........#...#
#.#.............#
.................#
...#..............#
............#..####


You could see Maggie.


Message History

You lost 4 mp, and now have 14/22 mp.
Unknown command.
Casting: Ice Form (quite dangerous; 9% risk of failure)
Confirm with . or Enter, or press ? or * to list all spells.
Your blood is infused with primal strength. 😎 MP[-2]
You lost 2 mp, and now have 12/22 mp.
Unknown command.
You barely miss the howler monkey. The howler monkey closely misses you.
You punch the howler monkey! You freeze the howler monkey. 😎 MP[+1]
You punch the howler monkey! You freeze the howler monkey.
You kill the howler monkey!
The howler monkey hoots and howls with incredible vigour!
You hear a shout!
Your Transmutations skill increases to level 10!
You hit the howler monkey but do no damage.
The howler monkey hits you but does no damage.
The howler monkey hits you but does no damage.
You see here a howler monkey corpse.
You barely miss the howler monkey. The howler monkey hits you. 😕 HP[-2]
You take 2 damage, and now have 42/44 hp.
Unknown command.
You hit the howler monkey. You freeze the howler monkey.
You howl as the wereblood boils in your veins!
The howler monkey closely misses you.
You barely miss the howler monkey. The howler monkey hits you.
The howler monkey hits you but does no damage. 😕 MP[+1]
You hit the howler monkey. You freeze the howler monkey.
The howler monkey hits you. 😕 HP[-4]
You take 4 damage, and now have 38/44 hp.
Unknown command.
You barely miss the howler monkey.
The howler monkey hoots and howls with incredible vigour!
You hear a shout!
You punch the howler monkey! You freeze the howler monkey.
You feel a bit better.
You kill the howler monkey! 😕 HP[+2]
You regained 2 hp, and now have 40/44 hp.
No target in view!
Things that are here:
a howler monkey corpse; a howler monkey corpse No target in view!
Unknown command. 😕 MP[+1]
You howl as the wereblood boils in your veins! 😕 HP[+1] Unknown command.
You start resting.
You howl as the wereblood boils in your veins! 😕 HP[+1] MP[+1]
You start resting.
You howl as the wereblood boils in your veins!
Unknown command. 😕 HP[+1]
You start resting. 😎 HP[+1] MP[+1]
Your hp is fully restored (44).
You start resting.
You howl as the wereblood boils in your veins! 😎 MP[+1]
Your primal bloodlust is almost over.
Unknown command.
You start resting.
You howl as the wereblood boils in your veins!
Your primal bloodlust has ended.
Your transformation is almost over.
Maggie is nearby!
Maggie is nearby! 😎 MP[+2]
You regained 2 mp, and now have 20/22 mp.
Unknown command.
Maggie is nearby!
Maggie casts a spell at you. The bolt of fire hits you!
The fire burns you terribly! 😕 HP[-9] MP[+1]
You take 9 damage, and now have 35/44 hp.
MASSIVE DAMAGE!! (PAUSE) 😕 HP[+1]
Casting: Wereblood (safe; 1% risk of failure)
Confirm with . or Enter, or press ? or * to list all spells.
You warm up again.
Your +0 cloak unmelds from your body.
Your +0 robe unmelds from your body.
You turn into a venomous arachnid creature.
Your +0 cloak melds into your body.
Your +0 robe melds into your body. 😕 HP[-6] MP[-3]
You now have 37 max hp (-7).
You lost 3 mp, and now have 18/22 mp.
Unknown command.
Maggie points at you and mumbles some strange words.
The bolt of fire hits you!
* * * LOW HITPOINT WARNING * * *
😨 HP[-14] MP[+1]
You take 14 damage, and now have 16/37 hp.
MASSIVE DAMAGE!! (PAUSE) Maggie hits you from afar with a +0 halberd!!
You die...

Skill      XL: |  1  2  3  4  5  6  7  8 |
---------------+-------------------------+-----
Poison Magic   | 1 2 |  2.0
Ice Magic      | 1 2 |  2.0
Spellcasting   | 3 4 5 6 7 9 |  9.3
Transmutations | 3 4 5 6 8 10 | 10.1
Fighting       | |  0.7
Dodging        | |  2.6
Unarmed Combat | |  2.4

Action                   |  1- 3 |  4- 6 |  7- 9 || total
-------------------------+-------+-------+-------++-------
Melee: Unarmed           |   109 |   111 |    96 ||   316
       Kick              |    26 |       |       ||    26
       Headbutt          |    18 |       |       ||    18
       Punch             |     1 |     2 |       ||     3
 Cast: Beastly Appendage |    33 |       |     1 ||    34
       Spider Form       |     2 |    17 |     5 ||    24
       Ice Form          |       |     5 |    13 ||    18
       Wereblood         |       |     1 |     4 ||     5
  Use: Scroll            |     3 |     4 |     8 ||    15
       Potion            |       |       |     5 ||     5
 Stab: Sleeping          |     5 |     1 |       ||     6
Armor: Robe              |    13 |       |       ||    13
       Skin              |       |    21 |    38 ||    59
Dodge: Dodged            |    74 |    94 |    57 ||   225

Levels and vault maps discovered:
D:1:      grunt_arrival_lava_bath, layout_loops_ring
D:2:      layout_basic
D:3:      layout_loops_ring, pdpol_wu_jian_five_deadly_venoms,
          general_overflow_altar, grunt_ministairs_13
D:4:      layout_layer_cave, cheibriados_altar_1, kennysheep_nub,
          hangedman_decor_lopped, uniq_robin, uniq_ijyb
D:5:      layout_rooms
D:6:      layout_basic, mainiacjoe_overflow_divided_tiny,
          minmay_temple_entry_glass, serial_bayou_pond_b, reono_crystal_passage
D:7:      layout_cave_pools, nicolae_overflow_hidden_temple, lemuel_tele_altar,
          uniq_duvessa, uniq_maggie, uniq_menkaure
Temple:   hellmonk_temple_forest_ring

Notes
Turn   | Place    | Note
-------+----------+-------------------------------------------
     0 | D:1      | ytrimaz the Spriggan Transmuter began the quest for the
                  | Orb.
     0 | D:1      | Reached XP level 1. HP: 9/9 MP: 5/5
     0 | D:1      | magus.rc [v1.9.6]
   178 | D:1      | Reached skill level 1 in Poison Magic
   229 | D:1      | Reached XP level 2. HP: 14/14 MP: 3/6
   317 | D:1      | You pick up a book of Armaments and begin reading...
   317 | D:1      | You add the spells Stone Arrow, Animate Armour and
                  | Lehudib's Crystal Spear to your library.
   390 | D:1      | Reached skill level 1 in Ice Magic
   638 | D:1      | Reached XP level 3. HP: 17/17 MP: 6/8
   778 | D:1      | Learned a level 2 spell: Wereblood
   782 | D:1      | Learned a level 3 spell: Spider Form
   959 | D:2      | Reached skill level 2 in Poison Magic
   965 | D:2      | You add the spells Kindle Blastsparks, Ignite Poison and
                  | Freezing Cloud to your library.
  1384 | D:2      | Reached skill level 2 in Ice Magic
  1447 | D:2      | Reached skill level 3 in Spellcasting
  1447 | D:2      | Reached skill level 3 in Transmutations
  1534 | D:2      | Reached XP level 4. HP: 10/21 MP: 3/9
  1824 | D:3      | Found a shimmering altar of Xom.
  1847 | D:3      | You pick up a book of Blood and begin reading...
  1847 | D:3      | You add the spells Sublimation of Blood and Summon Hydra to
                  | your library.
  2553 | D:3      | Found an ornate altar of the Wu Jian Council.
  2560 | D:3      | Noticed a spectral centipede
  2560 | D:3      | Noticed a spectral black mamba
  2560 | D:3      | Noticed a spectral cane toad
  2788 | D:4      | Noticed Ijyb
  2805 | D:4      | Killed Ijyb
  2861 | D:4      | Learned a level 4 spell: Ice Form
  2967 | D:4      | Noticed a black bear
  2976 | D:4      | Killed a black bear
  2977 | D:4      | Reached skill level 4 in Spellcasting
  2977 | D:4      | Reached skill level 4 in Transmutations
  2977 | D:4      | Reached XP level 5. HP: 10/25 MP: 7/12
  3239 | D:4      | Found a snail-covered altar of Cheibriados.
  3254 | D:4      | Noticed Robin
  3265 | D:4      | Reached skill level 5 in Transmutations
  3267 | D:4      | Killed Robin
  3895 | D:5      | Entered Level 5 of the Dungeon
  3895 | D:5      | Noticed a phantom
  3895 | D:5      | Noticed an ogre
  3906 | D:4      | Killed a phantom
  3907 | D:4      | Reached skill level 5 in Spellcasting
  3907 | D:4      | Reached XP level 6. HP: 29/29 MP: 10/14
  4077 | D:5      | Reached skill level 6 in Transmutations
  4255 | D:5      | Reached skill level 6 in Spellcasting
  4261 | D:5      | Reached XP level 7. HP: 26/32 MP: 13/17
  4589 | D:6      | Reached skill level 7 in Transmutations
  4678 | D:6      | Reached skill level 7 in Spellcasting
  4705 | D:6      | Noticed a steam dragon
  4714 | D:6      | HP: 9/48 [steam dragon] (6)]
  4715 | D:6      | Killed a steam dragon
  4716 | D:6      | Reached skill level 8 in Transmutations
  4751 | D:6      | Reached XP level 8. HP: 14/37 MP: 17/20
  4895 | D:6      | Reached skill level 8 in Spellcasting
  5082 | D:6      | Found a shimmering blue altar of Sif Muna.
  5082 | D:6      | Found a shadowy altar of Dithmenos.
  5111 | D:6      | Reached skill level 9 in Transmutations
  5181 | D:6      | Found a staircase to the Ecumenical Temple.
  5190 | Temple   | Entered the Ecumenical Temple
  5932 | D:7      | Noticed Duvessa
  5937 | D:7      | Noticed Maggie
  5938 | D:7      | Noticed Dowan
  5951 | D:7      | HP: 6/35 [orc wizard/magic dart (9)]
  6153 | D:7      | Reached skill level 9 in Spellcasting
  6158 | D:7      | HP: 11/44 [poisoned by a water moccasin]
  6299 | D:7      | You pick up a book of Maledictions and begin reading...
  6299 | D:7      | You add the spells Anguish and Enfeeble to your library.
  6322 | D:7      | Reached skill level 10 in Transmutations
  6371 | D:7      | Slain by Maggie

Vanquished Creatures
  A steam dragon (D:6)
  A water moccasin (D:7)
  2 black bears
  A sky beast (D:6)
  An ogre (D:5)
  2 phantoms
  A centaur (D:6)
  2 necrophages (D:6)
  2 scorpions
  3 howler monkeys
  An electric eel (D:6)
  A hound (D:5)
  A jelly (D:6)
  2 orc priests (D:6)
  3 iguanas
  Ijyb (D:4)
  An orc wizard (D:6)
  Robin (D:4)
  4 adders
  4 gnolls (D:6)
  2 white imps (D:6)
  3 ufetubi
  5 dart slugs (D:1)
  5 orcs
  3 bats
  8 endoplasms
  2 giant cockroaches
  9 goblins
  7 hobgoblins
  10 jackals
  2 quokkas
  6 ball pythons
  4 frilled lizards
  9 kobolds
  3 rats
113 creatures vanquished.

Vanquished Creatures (others)
  2 plants (D:6)
2 creatures vanquished.

Grand Total: 115 creatures vanquished

Table legend:
 A = Non-vault XP
 B = Vault XP
 C = Vault XP percentage of total XP
 D = Non-vault monster count
 E = Vault monster count
 F = Vault count percentage of total count
                 A         B        C        D         E       F
            +---------+---------+-------+---------+---------+-------
      Total |    1905 |     479 |  20.1 |      95 |      18 |  15.9
            +---------+---------+-------+---------+---------+-------
        D:1 |      50 |       0 |   0.0 |      23 |       0 |   0.0
        D:2 |      59 |       0 |   0.0 |      15 |       0 |   0.0
        D:3 |      17 |      14 |  45.2 |      10 |       2 |  16.7
        D:4 |     272 |      73 |  21.2 |      11 |      13 |  54.2
        D:5 |     390 |       0 |   0.0 |      13 |       0 |   0.0
        D:6 |     851 |     392 |  31.5 |      20 |       3 |  13.0
        D:7 |     266 |       0 |   0.0 |       3 |       0 |   0.0
            +---------+---------+-------+---------+---------+-------

Illustrated notes

Table legend:
 A = Kills in this place as a percentage of kills in entire the game.
 B = Kills by you in this place as a percentage of kills by you in the entire game.
 C = Kills by friends in this place as a percentage of kills by friends in the entire game.
 D = Other kills in this place as a percentage of other kills in the entire game.
 E = Experience gained in this place as a percentage of experience gained in the entire game.
 F = Experience gained in this place divided by the number of levels of this place that you have seen.
                   A       B       C       D       E      F
               +-------+-------+-------+-------+-------+----------------------
         Total | 100.0 | 100.0 |   N/A |   N/A | 100.0 | 298.0
       Dungeon | 100.0 | 100.0 |   N/A |   N/A | 100.0 | 340.6
               +-------+-------+-------+-------+-------+----------------------

Table legend: (Time is in decaauts)
 A = Elapsed time spent in this place.
 B = Non-inter-level travel time spent in this place.
 C = Inter-level travel time spent in this place.
 D = Time resting spent in this place.
 E = Time spent auto-exploring this place.
 F = Levels seen in this place.
 G = Mean time per level.
                   A        B        C        D        E       F      G
               +--------+--------+--------+--------+--------+-----+--------+
         Total |   4777 |   4675 |    102 |    233 |   3503 |   8 |  597.1 |
       Dungeon |   4671 |   4569 |    102 |    233 |   3422 |   7 |  667.3 |
        Temple |    105 |    105 |      0 |      0 |     81 |   1 |  105.0 |
               +--------+--------+--------+--------+--------+-----+--------+

Top non-repeatable levels by time:
     D:4: 967 daAuts
     D:6: 947 daAuts
     D:1: 681 daAuts
     D:2: 628 daAuts
     D:3: 533 daAuts
     D:5: 495 daAuts
     D:7: 418 daAuts
  Temple: 105 daAuts
